 Dungeon Crawl Stone Soup version 0.25.1-2-g60ff931df9 (webtiles) character file.

Game seed: 47916148328447055

1043 RUZZLEFAZAZZLE the Grave Robber (level 8, 0/63 HPs)
             Began as a Gnoll Wanderer on Aug 30, 2020.
             Was an Initiate of Sif Muna.
             Slain by a hippogriff (3 damage)
             ... on level 7 of the Dungeon.
             The game lasted 00:23:10 (5725 turns).

RUZZLEFAZAZZLE the Grave Robber (Gnoll Wanderer)    Turns: 5725, Time: 00:23:10

Health: 0/63       AC:  7    Str: 18 (19) XL:     8   Next: 25%
Magic:  13/15      EV: 17    Int: 13 (14) God:    Sif Muna [......]
Gold:   323        SH:  0    Dex: 13      Spells: 14/15 levels left

rFire    . . .     SeeInvis .   k - -1 glaive
rCold    + . .     Gourm    .   (shield currently unavailable)
rNeg     . . .     Faith    .   e - +1 robe
rPois    .         Spirit   .   (no helmet)
rElec    .         Reflect  .   (no cloak)
rCorr    .         Harm     .   (no gloves)
MR       .....                  (no boots)
Stlth    ++........             (no amulet)
HPRegen  0.20/turn              o - +4 ring of protection
MPRegen  0.14/turn              r - +4 ring of evasion

@: lightly drained
A: distributed training, fangs 1, blurry vision 1, cold resistance 1,
deterioration 2, high mp 1, evolution 1, strong nose
a: Renounce Religion


You were on level 7 of the Dungeon.
You worshipped Sif Muna.
Sif Muna was noncommittal.
You were not hungry.

You visited 2 branches of the dungeon, and saw 9 of its levels.

You collected 323 gold pieces.

Inventory:

Hand Weapons
 a - a +0 shortbow
 d - a +2 dagger of holy wrath
 g - a cursed -3 hand axe
 k - a -1 glaive (weapon)
Missiles
 c - 7 arrows
Armour
 e - a +1 robe (worn)
Jewellery
 m - an uncursed ring of flight
 o - a +4 ring of protection (left hand)
 r - a +4 ring of evasion (right hand)
Wands
 s - a wand of digging (7)
 u - a wand of paralysis (4)
Scrolls
 b - 3 scrolls of amnesia
 h - a scroll of fear
 i - 4 scrolls of identify
 p - a scroll of immolation
 q - a scroll of teleportation
Potions
 j - 3 potions of mutation
 l - a potion of cancellation
 n - 2 potions of flight
Comestibles
 f - 3 rations
 t - a chunk of flesh


   Skills:
 + Level 5.5(5.4) Fighting
 + Level 3.0(2.9) Short Blades
 + Level 3.0(2.9) Long Blades
 + Level 3.0(2.9) Axes
 + Level 4.0(3.9) Maces & Flails
 + Level 3.0(2.9) Polearms
 + Level 3.0(2.9) Staves
 + Level 3.0(2.9) Slings
 + Level 3.0(2.9) Bows
 + Level 3.0(2.9) Crossbows
 + Level 4.0(3.9) Throwing
 + Level 3.0(2.9) Armour
 + Level 3.0(2.9) Dodging
 + Level 3.0(2.9) Stealth
 + Level 4.0(3.9) Shields
 + Level 3.0(2.9) Unarmed Combat
 + Level 4.2(4.1) Spellcasting
 + Level 2.4 Conjurations
 + Level 2.4 Hexes
 + Level 2.4 Charms
 + Level 2.4 Summonings
 + Level 7.5 Necromancy
 + Level 2.4 Translocations
 + Level 2.4 Transmutations
 + Level 2.4 Fire Magic
 + Level 2.4 Ice Magic
 + Level 2.4 Air Magic
 + Level 2.4 Earth Magic
 + Level 2.4 Poison Magic
 + Level 3.3(3.2) Invocations
 + Level 3.0(2.9) Evocations


You had 14 spell levels left.
You knew the following spells:

 Your Spells              Type           Power        Failure   Level  Hunger
a - Pain                  Necr           ###.         1%          1    None

Your spell library contained the following spells:

 Spells                   Type           Power        Failure   Level  Hunger
 Animate Skeleton         Necr           N/A          1%          1    None
 Vampiric Draining        Necr           ###.......   2%          3    ###....
 Magic Dart               Conj           #...         8%          1    None
 Animate Dead             Necr           N/A          10%         4    ####...
 Blink                    Tloc           N/A          12%         2    ##.....
 Call Imp                 Summ           #.......     12%         2    ##.....
 Slow                     Hex            #.......     12%         2    ##.....
 Conjure Flame            Conj/Fire      #.......     22%         3    ###....
 Mephitic Cloud           Conj/Pois/Air  #.......     22%         3    ###....
 Agony                    Necr           ###.....     26%         5    ######.


Dungeon Overview and Level Annotations

Branches:
Dungeon (8/15)             Temple (1/1) D:7
   Lair: D:8-11

Altars:
Dithmenos
Elyvilon
Gozag
Kikubaaqudgha
Makhleb
Nemelex Xobeh
Okawaru
Sif Muna
Trog
Uskayaw
Vehumet
Yredelemnul
Zin
The Shining One


Innate Abilities, Weirdness & Mutations

Your experience applies equally to all skills.
You have very sharp teeth.
Your uncanny sense of smell can sniff out nearby items.
Scrolls take you a little longer to read.
Your flesh is cold resistant. (rC+)
Your body often deteriorates upon taking damage.
You have an increased reservoir of magic. (+10% MP)
You evolve.


Message History

The hippogriff screeches!
The yak closely misses you. The hippogriff barely misses you.
The hippogriff pecks you but does no damage.
The hippogriff claws you! The ice beast completely misses you.
The hippogriff closely misses you. The hippogriff misses you.
The hippogriff claws you! The ice beast barely misses you. The yak gores you!
* * * LOW HITPOINT WARNING * * *
Your body deteriorates!
You feel weakened.
A bullfrog comes into view.
The ice beast hits you but does no damage.
Some of the chunks of flesh in your inventory have rotted away.
Okay, then.
Really read with blurry vision while enemies are nearby?
The ice beast hits you but does no damage.
The hippogriff bites you!
* * * LOW HITPOINT WARNING * * *
The hippogriff pecks you.
You die...

## .### .#F. ..# .
..# . ∆ #.# . #.#
... ##@## ∆
#.#.#HY.# ∆
##...#YY##
......YYY#
####...Y.#
###...#...##
.....###...###..#.
###
.....###........(.#
#..
###...............##
#.#


You could see a hippogriff, 5 yaks, 2 ice beasts and a bullfrog (asleep).

Vanquished Creatures
  Grinder (D:3)
  A black bear (D:7)
  2 ogres (D:4)
  A scorpion (D:4)
  A wight (D:7)
  A quasit (D:7)
  3 hounds
  A jelly (D:8)
  An orc wizard (D:4)
  11 adders
  10 gnolls (D:4)
  A shadow imp (D:7)
  An adder zombie (D:5)
  6 worms
  3 dart slugs (D:2)
  A leopard gecko (D:4)
  15 orcs
  8 giant cockroaches
  2 hobgoblins
  9 jackals
  A quokka (D:2)
  A ball python (D:2)
  4 bats
  8 frilled lizards
  8 goblins
  4 kobolds
  5 rats
110 creatures vanquished.

Notes
Turn   | Place    | Note
-------+----------+-------------------------------------------
     0 | D:1      | RUZZLEFAZAZZLE the Gnoll Wanderer began the quest for the
                  | Orb.
     0 | D:1      | RUZZLEFAZAZZLE set off with the following items: a +0
                  | shortbow, 24 arrows, a potion of lignification, a +0 robe,
                  | a ration; and the following spells available to memorise:
                  | Animate Skeleton, Pain, Vampiric Draining, Animate Dead,
                  | Agony
     0 | D:1      | Reached XP level 1. HP: 20/20 MP: 4/4
     2 | D:1      | Learned a level 1 spell: Pain
   285 | D:1      | Reached XP level 2. HP: 25/26 MP: 2/5
  1015 | D:2      | Reached XP level 3. HP: 29/31 MP: 4/7
  1326 | D:2      | Found a hide-covered altar of Uskayaw.
  1342 | D:2      | Reached skill level 1 in Invocations
  1533 | D:2      | Reached skill level 1 in Short Blades
  1533 | D:2      | Reached skill level 1 in Long Blades
  1533 | D:2      | Reached skill level 1 in Axes
  1533 | D:2      | Reached skill level 1 in Polearms
  1533 | D:2      | Reached skill level 1 in Staves
  1533 | D:2      | Reached skill level 1 in Slings
  1533 | D:2      | Reached skill level 1 in Bows
  1533 | D:2      | Reached skill level 1 in Crossbows
  1533 | D:2      | Reached skill level 1 in Armour
  1533 | D:2      | Reached skill level 1 in Dodging
  1533 | D:2      | Reached skill level 1 in Stealth
  1533 | D:2      | Reached skill level 1 in Unarmed Combat
  1533 | D:2      | Reached skill level 1 in Evocations
  1710 | D:2      | Reached XP level 4. HP: 38/38 MP: 8/8
  1903 | D:3      | Found an opulent altar of Gozag.
  1944 | D:3      | Found a radiant altar of Vehumet.
  2106 | D:3      | Found a white marble altar of Elyvilon.
  2233 | D:3      | You fall into a shaft and drop 1 floor!
  2237 | D:4      | Reached skill level 1 in Conjurations
  2237 | D:4      | Reached skill level 1 in Hexes
  2237 | D:4      | Reached skill level 1 in Charms
  2237 | D:4      | Reached skill level 1 in Summonings
  2237 | D:4      | Reached skill level 1 in Translocations
  2237 | D:4      | Reached skill level 1 in Transmutations
  2237 | D:4      | Reached skill level 1 in Fire Magic
  2237 | D:4      | Reached skill level 1 in Ice Magic
  2237 | D:4      | Reached skill level 1 in Air Magic
  2237 | D:4      | Reached skill level 1 in Earth Magic
  2237 | D:4      | Reached skill level 1 in Poison Magic
  2245 | D:4      | Gained mutation: You passively map a small area around you.
                  | [potion of mutation]
  2246 | D:4      | Lost mutation: You passively map a small area around you.
                  | [potion of mutation]
  2246 | D:4      | Gained mutation: Your body sometimes deteriorates upon
                  | taking damage. [potion of mutation]
  2246 | D:4      | Gained mutation: Your body often deteriorates upon taking
                  | damage. [potion of mutation]
  2246 | D:4      | Gained mutation: Your flesh is cold resistant. (rC+)
                  | [potion of mutation]
  2246 | D:4      | Gained mutation: You evolve. [potion of mutation]
  2255 | D:4      | Reached XP level 5. HP: 21/43 MP: 0/9
  2476 | D:4      | Noticed an ogre
  2478 | D:4      | Noticed an ogre
  2483 | D:4      | Killed an ogre
  2484 | D:4      | HP: 1/43 [ogre/+0 giant club (25)]
  2530 | D:4      | Killed an ogre
  2530 | D:4      | Reached XP level 6. HP: 8/50 MP: 4/11
  2579 | D:4      | Reached skill level 5 in Fighting
  3060 | D:4      | Reached XP level 7. HP: 54/56 MP: 8/12
  3562 | D:3      | Noticed Grinder
  3578 | D:3      | Paralysed by Grinder for 2 turns
  3582 | D:3      | Killed Grinder
  3800 | D:3      | Gained mutation: Scrolls take you a little longer to read.
                  | [evolution]
  4326 | D:5      | Entered Level 5 of the Dungeon
  4445 | D:5      | You fall into a shaft and drop 3 floors!
  4624 | D:7      | Reached XP level 8. HP: 23/63 MP: 1/14
  5222 | D:7      | Found a staircase to the Ecumenical Temple.
  5238 | Temple   | Entered the Ecumenical Temple
  5378 | Temple   | Became a worshipper of Sif Muna the Loreminder
  5620 | D:7      | Gained mutation: You have an increased reservoir of magic.
                  | (+10% MP) [evolution]
  5692 | D:7      | Noticed a yak
  5695 | D:7      | Noticed a yak
  5695 | D:7      | Noticed a yak
  5697 | D:7      | Noticed a yak
  5698 | D:7      | Noticed a yak
  5700 | D:7      | Noticed a yak
  5715 | D:7      | Noticed a hippogriff
  5725 | D:7      | HP: 3/63 [hippogriff (9)]
  5725 | D:7      | Slain by a hippogriff

Illustrated notes

Levels and vault maps discovered:
D:1:      minmay_arrival_hallway, layout_loops_ring
D:2:      layout_basic, eat_drink_and_be_merry_uskayaw, serial_rivers,
          chequers_serial_rivers_room_b, chequers_serial_rivers_marsh,
          chequers_serial_rivers_micro_d, chequers_serial_rivers_room_b,
          minmay_misc_feat_ornament, st_stairs_6
D:3:      layout_loops_ring, vehumet_crystals, elyvilon_altar_3,
          grunt_gozag_statues, chequers_serial_rivers_large_a, uniq_grinder
D:4:      layout_rooms
D:5:      layout_rooms, old_standard_altar,
          chequers_temple_overflow_statue_of_worship, fedhas_ov_isle_minmay,
          first_ration, minivault_11, kennysheep_generic_room_16
D:6:      layout_cave_pools, slow_altar_1, lemuel_crystal_altar,
          ashenzari_altar_1, cheibrodos_sewer_entry_bend
D:7:      layout_rooms, nicolae_qazlal_general_emergency,
          minmay_temple_entry_glass, gammafunk_ghost_necromancy, serial_shops,
          shop
D:8:      layout_basic, uniq_maggie, uniq_joseph, uniq_prince_ribbit1
Temple:   dpeg_chambers_temple

Skill      XL: |  1  2  3  4  5  6  7  8 |
---------------+-------------------------+-----
Invocations    | 1 2 3 |  3.3
Short Blades   | 1 2 3 |  3.0
Long Blades    | 1 2 3 |  3.0
Axes           | 1 2 3 |  3.0
Polearms       | 1 2 3 |  3.0
Staves         | 1 2 3 |  3.0
Slings         | 1 2 3 |  3.0
Bows           | 1 2 3 |  3.0
Crossbows      | 1 2 3 |  3.0
Armour         | 1 2 3 |  3.0
Dodging        | 1 2 3 |  3.0
Stealth        | 1 2 3 |  3.0
Unarmed Combat | 1 2 3 |  3.0
Evocations     | 1 2 3 |  3.0
Spellcasting   | 3 4 |  4.2
Conjurations   | 1 2 |  2.4
Hexes          | 1 2 |  2.4
Charms         | 1 2 |  2.4
Summonings     | 1 2 |  2.4
Translocations | 1 2 |  2.4
Transmutations | 1 2 |  2.4
Fire Magic     | 1 2 |  2.4
Ice Magic      | 1 2 |  2.4
Air Magic      | 1 2 |  2.4
Earth Magic    | 1 2 |  2.4
Poison Magic   | 1 2 |  2.4
Maces & Flails | 3 4 |  4.0
Throwing       | 3 4 |  4.0
Shields        | 3 4 |  4.0
Fighting       | 5 |  5.5
Necromancy     | |  7.5

Action                   |  1- 3 |  4- 6 |  7- 9 || total
-------------------------+-------+-------+-------++-------
Melee: Glaive            |       |       |    28 ||    28
       Bite              |       |       |     2 ||     2
 Fire: Shortbow          |    86 |    55 |    79 ||   220
 Cast: Pain              |    22 |    46 |    66 ||   134
Evoke: Wand              |       |       |     4 ||     4
  Use: Scroll            |       |    14 |     1 ||    15
       Potion            |       |     7 |       ||     7
 Stab: Paralysed         |       |       |     1 ||     1
  Eat: Chunk             |     2 |       |     1 ||     3
       Ration            |       |     2 |     2 ||     4
Armor: Robe              |     4 |     6 |    32 ||    42
       Skin              |       |    11 |       ||    11
Dodge: Dodged            |    14 |    34 |   112 ||   160
